 Dungeon Crawl Stone Soup version 0.27.0-1-g7a089689b8 (webtiles) character file.

Game seed: 2024679474681796429

92 ZARRMARR the Digger (level 4, -6/34 HPs)
             Began as a Ghoul Earth Elementalist on Aug 8, 2021.
             Mangled by a scorpion (7 damage)
             ... on level 3 of the Dungeon.
             The game lasted 00:12:56 (2973 turns).

ZARRMARR the Digger (Ghoul Earth Elementalist)      Turns: 2973, Time: 00:12:58

Health: -6/34      AC:  2    Str: 11    XL:     4   Next: 60%
Magic:  0/7        EV: 12    Int: 11    God:
Gold:   34         SH:  0    Dex:  9    Spells: 7/8 levels left

rFire    . . .     SeeInvis .   (no weapon)
rCold    + . .     Faith    .   (no shield)
rNeg     + + +     Spirit   .   b - +0 robe
rPois    ∞         Reflect  .   (no helmet)
rElec    .         Harm     .   (no cloak)
rCorr    .         Rampage  .   (no gloves)
Will     .....                  (no boots)
Stlth    ++........             (no amulet)
HPRegen  0.00/turn              (no ring)
MPRegen  0.10/turn              (no ring)

@: inhibited regen
A: claws 1, cold resistance 1, negative energy resistance 3, inhibited
regeneration, torment resistance 2
a: no special abilities


You were on level 3 of the Dungeon.
You visited 1 branch of the dungeon, and saw 3 of its levels.

You collected 34 gold pieces.

Inventory:

Missiles
 c - 34 stones
 g - 11 poisoned darts (quivered)
Armour
 b - a +0 robe (worn)
Wands
 f - a wand of flame (9)
Potions
 a - 2 potions of lignification {unknown}
 d - a potion of haste


   Skills:
 + Level 0.5 Fighting
 + Level 0.8 Throwing
 + Level 2.1 Dodging
 + Level 2.5 Stealth
 + Level 0.3 Unarmed Combat
 + Level 2.6 Spellcasting
 + Level 0.8 Transmutations
 + Level 4.2 Earth Magic


You had 7 spell levels left.
You knew the following spells:

 Your Spells              Type           Power      Damage    Failure   Level
a - Sandblast             Erth           20%        2d7       4%          1

Your spell library contained the following spells:

 Spells                   Type           Power      Damage    Failure   Level
 Passwall                 Tmut/Erth      5%         N/A       14%         2
 Pain                     Necr           4%         1d4       28%         1
 Stone Arrow              Conj/Erth      12%        3d7       34%         3
 Petrify                  Tmut/Erth      7%         N/A       67%         4
 Agony                    Necr           1%         N/A       100%        5
 Excruciating Wounds      Necr           0%         N/A       100%        5


Dungeon Overview and Level Annotations

Branches:
Dungeon (3/15)

Altars:


Innate Abilities, Weirdness & Mutations

You thrive by killing the living.
You are immune to poison.
You have sharp fingernails.
Your flesh is cold resistant. (rC+)
You are immune to negative energy. (rN+++)
You do not regenerate when monsters are visible.
You are immune to unholy pain and torment.


Message History

Casting: Sandblast (safe; 4% risk of failure)
Confirm with . or Enter, or press ? or * to list all spells.
Aiming: Sandblast (safe; 4% risk of failure)
Press: ? - help, Shift-Dir - straight line, f/p - scorpion
Aim: a scorpion (severely wounded, 79% to hit)
The blast of sand hits the scorpion but does no damage.
The scorpion is severely wounded.
c - 37 stones The scorpion stings you!
* * * LOW HITPOINT WARNING * * *
The scorpion stings you.
* * * LOW HITPOINT WARNING * * *
Casting: Sandblast (safe; 4% risk of failure)
Confirm with . or Enter, or press ? or * to list all spells.
Aiming: Sandblast (safe; 4% risk of failure)
Press: ? - help, Shift-Dir - straight line, f/p - scorpion
Aim: a scorpion (severely wounded, 79% to hit)
The blast of sand misses the scorpion.
c - 36 stones The scorpion closely misses you.
Casting: Sandblast (safe; 4% risk of failure)
Confirm with . or Enter, or press ? or * to list all spells.
Aiming: Sandblast (safe; 4% risk of failure)
Press: ? - help, Shift-Dir - straight line, f/p - scorpion
Aim: a scorpion (severely wounded, 79% to hit)
The blast of sand hits the scorpion but does no damage.
The scorpion is severely wounded.
c - 35 stones The scorpion stings you.
* * * LOW HITPOINT WARNING * * *
Casting: Sandblast (safe; 4% risk of failure)
Confirm with . or Enter, or press ? or * to list all spells.
Aiming: Sandblast (safe; 4% risk of failure)
Press: ? - help, Shift-Dir - straight line, f/p - scorpion
Aim: a scorpion (severely wounded, 79% to hit)
The blast of sand hits the scorpion.
The scorpion is almost dead.
c - 34 stones The scorpion stings you!
You die...

# ##?###########
#...@........#
#..s########.#
....... #.#
####... #.#
..... #.#
######.#######.#
.........#
#######.## #.#


You could see a scorpion.

Vanquished Creatures
  An adder (D:2)
  3 gnolls (D:2)
  A worm (D:2)
  A dart slug (D:2)
  An orc (D:2)
  3 bats (D:1)
  3 endoplasms
  A giant cockroach (D:1)
  6 goblins
  3 hobgoblins (D:2)
  4 jackals (D:2)
  3 quokkas (D:2)
  6 ball pythons
  2 frilled lizards
  5 kobolds
  4 rats
47 creatures vanquished.

Notes
Turn   | Place    | Note
-------+----------+-------------------------------------------
     0 | D:1      | ZARRMARR the Ghoul Earth Elementalist began the quest for
                  | the Orb.
     0 | D:1      | Reached XP level 1. HP: 14/14 MP: 2/2
   319 | D:1      | Reached XP level 2. HP: 20/20 MP: 4/4
  1388 | D:2      | Reached XP level 3. HP: 13/26 MP: 0/5
  1927 | D:2      | Reached skill level 4 in Earth Magic
  1927 | D:2      | Reached XP level 4. HP: 23/34 MP: 0/6
  2964 | D:3      | Noticed a scorpion
  2972 | D:3      | HP: 1/34 [scorpion (5)]
  2973 | D:3      | Mangled by a scorpion

Illustrated notes

Levels and vault maps discovered:
D:1:      lemuel_arrival_tunnels, layout_basic
D:2:      layout_basic, minmay_pentomino_p2
D:3:      layout_loops_ring

Skill      XL: |  1  2  3 |
---------------+----------+-----
Spellcasting   | 2 |  2.6
Dodging        | 2 |  2.1
Earth Magic    | 4 |  4.2
Fighting       | |  0.5
Throwing       | |  0.8
Stealth        | |  2.5
Unarmed Combat | |  0.3
Transmutations | |  0.8

Action                   |  1- 3 |  4- 6 || total
-------------------------+-------+-------++-------
Melee: Unarmed           |    62 |    15 ||    77
Throw: Stone             |    37 |    13 ||    50
       Dart              |       |    11 ||    11
 Cast: Sandblast         |    35 |    20 ||    55
  Use: Scroll            |     1 |     1 ||     2
 Stab: Sleeping          |     2 |       ||     2
Armor: Robe              |    13 |       ||    13
Dodge: Dodged            |    40 |    11 ||    51
